 Dungeon Crawl Stone Soup version 0.18.1-48-g4cf74bf (webtiles) character file.

2343 Joat the Martial Artist (level 9, -1/66 HPs)
             Began as an Octopode Monk on Aug 9, 2016.
             Was an Elder of Cheibriados.
             Shot with an arrow by a centaur (11 damage)
             ... on level 6 of the Dungeon.
             The game lasted 00:38:41 (5825 turns).

Joat the Martial Artist (Octopode Monk)             Turns: 5825, Time: 00:38:43

Health: -1/66      AC:  6    Str: 20    XL:     9   Next: 43%
Magic:  10/10      EV: 20    Int: 21    God:    Cheibriados [****..]
Gold:   302        SH:  0    Dex: 26    Spells: 0 memorised, 10 levels left

rFire  + . .     SeeInvis .       - Unarmed
rCold  . . .     Gourm    .     (no shield)
rNeg   . . .     Faith    +     (helmet restricted)
rPois  .         Spirit   .     x - amulet of faith
rElec  .         Dismiss  .     h - ring of protection from magic
rCorr  .         Reflect  .     l - +5 ring of protection
SustAt +         Harm     .     w - ring of protection from fire
MR     +....                    e - ring of sustain attributes
Stlth  +++++.....               i - ring of stealth
                                (no ring)
                                (no ring)
                                (no ring)

@: about to teleport, very slow, somewhat resistant to hostile enchantments,
quite stealthy
A: almost no armour, amphibious, 8 rings, constrict 8, camouflage 1, gelatinous
body 1
a: Bend Time, Temporal Distortion, Slouch, Renounce Religion


You were on level 6 of the Dungeon.
You worshipped Cheibriados.
Cheibriados was greatly pleased with you.
You were very hungry.

You visited 2 branches of the dungeon, and saw 7 of its levels.

You collected 302 gold pieces.

Inventory:

Missiles
 r - 2 throwing nets (quivered)
 t - 2 tomahawks
Jewellery
 d - an uncursed amulet of guardian spirit
 e - a ring of sustain attributes (on tentacle)
 h - a ring of protection from magic (left tentacle)
 i - a ring of stealth (on tentacle)
 l - a +5 ring of protection (right tentacle)
 w - a ring of protection from fire (on tentacle)
 x - an amulet of faith (around mantle)
Scrolls
 b - a scroll of blinking {unknown}
 c - 5 scrolls of remove curse
 m - a scroll of enchant armour
 n - a scroll of enchant weapon
 p - 2 scrolls of teleportation
 s - a scroll of magic mapping
Potions
 f - a potion of ambrosia
 j - a potion of cure mutation
 k - 6 potions of curing
Comestibles
 a - 4 bread rations
 g - 2 meat rations
 q - a slice of pizza


   Skills:
 + Level 7.8 Fighting
 + Level 7.6 Dodging
 - Level 2.6 Stealth
 + Level 8.1 Unarmed Combat
 - Level 1.0 Spellcasting


You had 10 spell levels left.
You didn't know any spells.

Dungeon Overview and Level Annotations

Branches:
Dungeon (6/15)             Temple (1/1) D:4

Altars:
Ashenzari
Cheibriados
Dithmenos
Elyvilon
Fedhas
Gozag
Kikubaaqudgha
Makhleb
Okawaru
Pakellas
Qazlal
Ru
Sif Muna
Trog
Vehumet
Xom
Yredelemnul
Zin
The Shining One


Innate Abilities, Weirdness & Mutations

You cannot wear most types of armour.
You are amphibious.
You can wear up to eight rings at the same time.
You can use your tentacles to constrict eight enemies at once.
Your skin changes colour to match your surroundings (Stealth).
Your rubbery body absorbs attacks (AC +1).


Message History

* * * LOW HITPOINT WARNING * * *
Read which item? (? for menu, Esc to quit)
As you read the scroll of teleportation, it crumbles to dust.
You feel strangely unstable.
You closely miss the orc priest. You grab the orc priest.
You squeeze the orc priest!
The orc priest is almost dead.
You constrict the orc priest. You bludgeon the orc priest!
You kill the orc priest!
Cheibriados thoroughly appreciates the change of pace.
You barely miss the orc. You grab the orc. You constrict the orc.
The orc hits you but does no damage.
You tentacle-slap the orc.
The orc is heavily wounded.
You constrict the orc.
You kill the orc!
Cheibriados appreciates the change of pace.
The centaur wields a shortbow.
The centaur shoots an arrow.
The arrow hits you!
You die...

#.# #.#.###########.#.. #.#
#.........#..8#.... #.#
#............_##..# #.#
#.........#..8##.>. #.#
#...############### #.# #####
...>.. #.# ...o..
#.#####################......
#.......(.......@)c..........
####################........#
#..<...........
######........# #...c.....
#........# #.....o..#
#........# #........


You could see a centaur.

Vanquished Creatures
  Grinder (D:4)
  Prince Ribbit (D:6)
  An orc warrior (D:6)
  An ice beast (D:6)
  2 ogres
  A phantom (D:5)
  5 giant frogs (D:6)
  2 scorpions
  A killer bee (D:6)
  8 wights (D:6)
  2 crimson imps (D:5)
  A quasit (D:6)
  A hound (D:6)
  Crazy Yiuf (D:6)
  A gnoll shaman (D:4)
  An orc priest (D:6)
  5 orc wizards
  2 giant frog skeletons (D:5)
  3 worker ants (D:4)
  2 hound zombies
  6 adders
  5 gnolls (D:4)
  3 oozes
  An adder skeleton (D:6)
  4 worms
  4 dart slugs
  9 giant geckos
  10 orcs
  A ball python (D:2)
  9 bats
  4 giant cockroaches
  5 hobgoblins
  3 jackals (D:1)
  6 kobolds
  A quokka (D:3)
  2 giant newts
  7 goblins
  7 rats
129 creatures vanquished.

Notes
Turn   | Place    | Note
--------------------------------------------------------------
     0 | D:1      | Joat the Octopode Monk began the quest for the Orb.
     0 | D:1      | Reached XP level 1. HP: 16/16 MP: 1/1
   219 | D:1      | Reached XP level 2. HP: 14/21 MP: 2/2
   790 | D:1      | Reached XP level 3. HP: 21/26 MP: 3/3
  1524 | D:2      | Reached XP level 4. HP: 32/33 MP: 4/4
  1667 | D:2      | Found a shattered altar of Ashenzari.
  2553 | D:3      | Found an oddly glowing altar of Pakellas.
  2696 | D:3      | Found an ancient bone altar of Kikubaaqudgha.
  2704 | D:3      | Found a bloodstained altar of Trog.
  2711 | D:3      | Found an iron altar of Okawaru.
  2768 | D:3      | Reached XP level 5. HP: 34/37 MP: 5/5
  3326 | D:4      | Reached skill level 1 in Spellcasting
  3328 | D:4      | Reached skill level 5 in Unarmed Combat
  3349 | D:4      | Reached XP level 6. HP: 34/44 MP: 5/7
  3474 | D:4      | Reached skill level 5 in Fighting
  3482 | D:4      | Found a staircase to the Ecumenical Temple.
  3524 | Temple   | Entered the Ecumenical Temple
  3578 | Temple   | Became a worshipper of Cheibriados the Contemplative
  3578 | Temple   | Reached * piety under Cheibriados
  3578 | Temple   | Reached ** piety under Cheibriados
  3669 | D:4      | Found a shadowy altar of Dithmenos.
  3697 | D:4      | Noticed Grinder
  3705 | D:4      | Killed Grinder
  3705 | D:4      | Reached skill level 5 in Dodging
  3705 | D:4      | Reached XP level 7. HP: 50/50 MP: 8/8
  3908 | D:4      | Reached skill level 6 in Unarmed Combat
  3970 | D:5      | Entered Level 5 of the Dungeon
  4385 | D:5      | Reached XP level 8. HP: 48/57 MP: 9/9
  4734 | D:6      | Reached *** piety under Cheibriados
  4795 | D:6      | Noticed Prince Ribbit
  4809 | D:6      | Killed Prince Ribbit
  4845 | D:6      | Reached skill level 7 in Unarmed Combat
  4963 | D:6      | Noticed Crazy Yiuf
  4969 | D:6      | Killed Crazy Yiuf
  5137 | D:6      | Reached XP level 9. HP: 59/64 MP: 10/10
  5266 | D:6      | Found a blossoming altar of Fedhas.
  5372 | D:6      | Reached **** piety under Cheibriados
  5672 | D:6      | Reached skill level 8 in Unarmed Combat
  5694 | D:6      | Found an opulent altar of Gozag.
  5825 | D:6      | Shot with an arrow by a centaur

Skill      XL: |  1  2  3  4  5  6  7  8  9 |
---------------+----------------------------+-----
Fighting       | 4 5 6 7 |  7.8
Dodging        | 4 5 6 7 |  7.6
Spellcasting   | 1 |  1.0
Unarmed Combat | 5 6 7 8 |  8.1
Stealth        | |  2.6

Action                   |  1- 3 |  4- 6 |  7- 9 || total
-------------------------+-------+-------+-------++-------
Melee: Unarmed           |    70 |   125 |   137 ||   332
       Constrict         |    20 |    33 |    36 ||    89
       Tentacles         |    14 |    23 |    48 ||    85
       Punch             |     1 |     2 |    16 ||    19
Throw: Throwing net      |       |     1 |       ||     1
  Use: Scroll            |       |       |    15 ||    15
 Stab: Sleeping          |     5 |    13 |    11 ||    29
       Held in net/web   |       |     1 |       ||     1
  Eat: Chunk             |     2 |     7 |     2 ||    11
Armor: Skin              |     6 |    16 |    13 ||    35
Dodge: Dodged            |    44 |    64 |    79 ||   187
